[Event "*** Titled Tuesday Blitz"]
[Site "Chess.com"]
[Date "2021.03.16"]
[Round "8"]
[White "SchmakAttack"]
[Black "Sharpchess22"]
[Result "0-1"]
[WhiteElo "2584"]
[BlackElo "2738"]
[TimeControl "180+1"]
[EndTime "11:27:28 PDT"]
[Termination "Sharpchess22 won by resignation"]

1. e4 c6 2. d4 d5 3. Nd2 dxe4 4. Nxe4 Bf5 5. Ng3 Bg6 6. h4 h6 7. Nf3 Nd7 8. h5 Bh7 9. Bd3 Bxd3 10. Qxd3 e6 11. Bd2 Ngf6 12. O-O-O a5 13. Ne4 Nxe4 14.
Qxe4 a4 15. Kb1 Nf6 16. Qe2 Qd5 17. Ne5 Bd6 18. g4 a3 19. b3 Qxd4 20. Nc4 Bf8 21. g5 hxg5 22. Bxg5 Qe4 23. Qd2 Nd5 24. Rhe1 Qf5 25.
Re5 Qf3 26. Ne3 Bb4 27. Nxd5 Bxd2 28. Nc7+ Kf8 29. Rxd2 Qh1+ 0-1

[Event "*** Titled Tuesday Blitz"]
[Site "Chess.com"]
[Date "2021.03.16"]
[Round "8"]
[White "youngKID"]
[Black "IwkooO"]
[Result "1-0"]
[WhiteElo "2792"]
[BlackElo "2627"]
[TimeControl "180+1"]
[EndTime "11:27:28 PDT"]
[Termination "youngKID won by resignation"]

1. Nf3 c5 2. g3 Nc6 3. Bg2 g6 4.
h4 Nf6 5. c4 Bg7 6. Nc3 d6 7.
d3 Bg4 8. Rb1 O-O 9. a3 Rb8 10. b4 b6 11. O-O Qd7 12. Nd5 Nxd5 13.
cxd5 Ne5 14. Nxe5 Bxe5 15. Kh2 Rbc8 16. f3 Bh5 17. Bb2 f5 18. bxc5 bxc5 19. Bxe5 dxe5 20. Qb3 Qd6 21. Rfc1 h6 22. Qc4 Rc7 23. Rb5 Rfc8 24. g4 e4+ 25. Kh3 fxg4+ 26. fxg4 Qd7 27. d6+ Kg7 28. dxc7 Qxg4+ 29. Kh2 Qf4+ 30. Kh1 Qxh4+ 31. Kg1 Qg5 32. Qxc5 1-0

[Event "*** Titled Tuesday Blitz"]
[Site "Chess.com"]
[Date "2021.03.16"]
[Round "8"]
[White "Manukyan_Artak"]
[Black "Grieve72"]
[Result "0-1"]
[WhiteElo "2388"]
[BlackElo "2501"]
[TimeControl "180+1"]
[EndTime "11:27:30 PDT"]
[Termination "Grieve72 won by resignation"]

1. e4 c5 2. Nf3 e6 3. c3 Nf6 4. e5 Nd5 5. d4 cxd4 6. cxd4 d6 7.
Nc3 Nxc3 8. bxc3 Qc7 9. Bd2 Nd7 10. Bb5 a6 11. Bxd7+ Bxd7 12. O-O Bc6 13. Re1 Be7 14. exd6 Bxd6 15. Ne5 O-O 16. Qh5 Rac8 17. Re3 Bxe5 18.
Qxe5 Qxe5 19. Rxe5 Bd5 20. a4 Rc4 21. a5 Rb8 22.
Ree1 b5 23. axb6 Rxb6 24. Reb1 Rxb1+ 25. Rxb1 h5 26. Ra1 Rc6 27. f3 Kh7 28. Kf2 Kg6 29. Ke3 Kf5 30. Ra5 h4 31. h3 g5 32. Kd3 Kg6 33.
Ra4 Rb6 34. c4 Bc6 35. Ra2 f5 36. Bc3 g4 37. fxg4 fxg4 38. hxg4 Kg5 39. d5 exd5 40.
cxd5 Bxd5 41. Ra5 Rb5 42. Rxb5 axb5 43. Be5 Kxg4 44. Ke3 Bxg2 45. Kf2 Bd5 46. Kg1 b4 47. Kh2 b3 48. Bb2 Be6 49. Bf6 Kf3 0-1

[Event "*** Titled Tuesday Blitz"]
[Site "Chess.com"]
[Date "2021.03.16"]
[Round "8"]
[White "ChelsieMonica"]
[Black "mjray79"]
[Result "0-1"]
[WhiteElo "2349"]
[BlackElo "2474"]
[TimeControl "180+1"]
[EndTime "11:27:30 PDT"]
[Termination "mjray79 won by resignation"]

1. c4 Nf6 2. Nf3 g6 3. g3 Bg7 4. Bg2 O-O 5. O-O d6 6. d4 Nc6 7.
d5 Na5 8. Na3 c5 9. dxc6 Nxc6 10.
Nb5 a6 11. Nbd4 Bd7 12. h3 Rb8 13. Be3 Nxd4 14. Bxd4 b5 15. cxb5 axb5 16. Rc1 Rc8 17. Qd3 Qa5 18. a3 b4 19. axb4 Qxb4 20. Bc3 Qb3 21. Nd4 Qb6 22. Ra1 e5 23. Nc2 Bf5 24.
Qd2 Ne4 25. Bxe4 Bxe4 26. Ne3 d5 27. Nxd5 Qe6 28. Ne3 Qxh3 29. f3 Qxg3+ 30. Ng2 Bc6 31. Ra7 Rfd8 32. Qe3 h5 33. Be1 Qh3 34. Bh4 Rd7 35.
Rxd7 Bxd7 36. Rd1 Be6 37. Qg5 Qf5 38. Rd8+ Rxd8 39. Qxd8+ Kh7 40. b4 Qb1+ 41. Be1 e4 42.
Kh2 exf3 43. exf3 Be5+ 44. f4 Bxf4+ 45. Nxf4 Qxe1 46. Qf6 Qf2+ 47. Kh1 Qe1+ 48. Kh2 Qxb4 49. Nxe6 Qd2+ 50. Kh1 Qe1+ 0-1

[Event "*** Titled Tuesday Blitz"]
[Site "Chess.com"]
[Date "2021.03.16"]
[Round "8"]
[White "DenLaz"]
[Black "FairChess_on_YouTube"]
[Result "1-0"]
[WhiteElo "2861"]
[BlackElo "2969"]
[TimeControl "180+1"]
[EndTime "11:27:31 PDT"]
[Termination "DenLaz won by resignation"]

1. d4 Nf6 2. c4 e6 3. Nf3 b6 4. g3 Bb7 5. Bg2 g6 6. O-O Bg7 7. Nc3 Ne4 8. Nxe4 Bxe4 9. Bg5 f6 10. Bf4 O-O 11. Rc1 f5 12. Qd2 d6 13. Rfd1 Qe8 14. Bh6 Nd7 15. Bxg7 Kxg7 16. c5 bxc5 17. dxc5 d5 18.
Qc3+ Nf6 19. Ne5 Bxg2 20. Kxg2 Qb5 21. b3 a5 22. Nf3 Rae8 23. Qe5 Re7 24. Nd4 Qa6 25. c6 Kf7 26. f3 Rb8 27. Rc3 Ne8 28.
Re3 Ng7 29. h4 a4 30. g4 axb3 31. axb3 Ra8 32. h5 Qc8 33. h6 Ne8 34. gxf5 gxf5 35. Nxf5 Nf6 36. Nxe7 Kxe7 37. Kf2 Qf8 38. Qxe6+ Kd8 39.
Rxd5+ 1-0

[Event "*** Titled Tuesday Blitz"]
[Site "Chess.com"]
[Date "2021.03.16"]
[Round "8"]
[White "Legendinunknown"]
[Black "BvsN"]
[Result "1-0"]
[WhiteElo "2592"]
[BlackElo "2420"]
[TimeControl "180+1"]
[EndTime "11:27:31 PDT"]
[Termination "Legendinunknown won by resignation"]

1. d4 d5 2. c4 e6 3. Nc3 c6 4.
Nf3 dxc4 5. a4 Bb4 6. e3 b5 7.
Bd2 a5 8. axb5 Bxc3 9. Bxc3 cxb5 10. b3 Bb7 11. bxc4 b4 12. Bb2 Nf6 13. Bd3 Nbd7 14. O-O O-O 15. c5 Bc6 16. Bc2 Qc7 17. Ba4 Bxa4 18.
Qxa4 Rfc8 19. Nd2 Qc6 20. Qxc6 Rxc6 21. Ra4 Nb8 22. Rfa1 Rca6 23. Nb3 Nc6 24. Kf1 e5 25. Ke2 exd4 26. exd4 Nd5 27. Kd3 Nf4+ 28. Kc4 Nxg2 29. d5 Ne7 30. Rxa5 Rxa5 31. Rxa5 Rd8 32. d6 Nf5 33. Be5 f6 34. Bg3 Kf7 35. Nd4 Nxd4 36. Kxd4 Ke6 37. Rb5 f5 38. f3 f4 39. Bf2 Ne3 40.
Bxe3 fxe3 41. Rxb4 e2 42. Rb1 Re8 43. Re1 Kd7 44. Kd5 Re3 45. c6+ Kc8 46. Kd4 Re6 47. Kc5 Re5+ 48. Kb6 Re6 49. Ra1 Kb8 50. c7+ 1-0

[Event "*** Titled Tuesday Blitz"]
[Site "Chess.com"]
[Date "2021.03.16"]
[Round "8"]
[White "barbara25"]
[Black "Tekushka"]
[Result "0-1"]
[WhiteElo "2248"]
[BlackElo "2414"]
[TimeControl "180+1"]
[EndTime "11:27:32 PDT"]
[Termination "Tekushka won by resignation"]

1. e4 e6 2. d4 d5 3. Bd3 dxe4 4.
Bxe4 Nf6 5. Bf3 c5 6. Ne2 Nc6 7. c3 e5 8. Be3 e4 9. Bxe4 Nxe4 10. O-O Nf6 11. dxc5 Qxd1 12. Rxd1 Be7 13. Nd4 Nxd4 14.
cxd4 Nd5 15. Nc3 Be6 16. Nxd5 Bxd5 17. b4 a6 18. a4 Kd7 19. b5 axb5 20. axb5 Bf6 21. f3 Bc4 22. b6 Bd5 23. Kf2 Kc6 24. g3 Rhe8 25. h4 Bc4 26. Ra7 Rxa7 27. bxa7 Ra8 28.
Rb1 Rxa7 29. Rb6+ Kc7 30. Bf4+ Kd7 31. Be3 Ra2+ 32. Kg1 Kc8 33. c6 Bd5 34. cxb7+ Bxb7 35. Bf4 Bxf3 36. Rb8+ Kd7 37. Rf8 Bxd4+ 38. Kf1 Ra1+ 0-1

[Event "*** Titled Tuesday Blitz"]
[Site "Chess.com"]
[Date "2021.03.16"]
[Round "8"]
[White "GMKrikor"]
[Black "mbojan"]
[Result "1-0"]
[WhiteElo "2763"]
[BlackElo "2646"]
[TimeControl "180+1"]
[EndTime "11:27:33 PDT"]
[Termination "GMKrikor won on time"]

1. Nf3 g6 2. c4 Bg7 3. e4 c5 4. d4 cxd4 5. Nxd4 Nc6 6. Be3 Nf6 7.
Nc3 d6 8. Be2 O-O 9. O-O Bd7 10.
h3 Nxd4 11. Bxd4 Bc6 12. Qc2 a6 13. Rad1 Qc7 14. b4 Rac8 15. Qd3 Bd7 16. Rc1 Qb8 17. f4 e5 18. fxe5 dxe5 19. Be3 Be6 20. Nd5 Bxd5 21.
exd5 e4 22. Qd2 Nd7 23. c5 Ne5 24. d6 Rcd8 25. Qd5 Qc8 26. Qxe4 Rfe8 27. Qd5 Kh8 28. Bg5 f6 29. Bxf6 Bxf6 30. Rxf6 Nc6 31. Bg4 Qb8 32. a3 Re5 33. Qf3 Rg8 34. Qc3 Qe8 35. Rcf1 1-0

[Event "*** Titled Tuesday Blitz"]
[Site "Chess.com"]
[Date "2021.03.16"]
[Round "8"]
[White "djano"]
[Black "eightbyeightchess"]
[Result "1-0"]
[WhiteElo "2491"]
[BlackElo "2371"]
[TimeControl "180+1"]
[EndTime "11:27:33 PDT"]
[Termination "djano won by resignation"]

1. e4 e6 2. d4 d5 3. Bd3 Nf6 4. e5 Nfd7 5. Ne2 c5 6. c3 Nc6 7.
a3 cxd4 8. cxd4 f6 9. Nf4 Qe7 10. exf6 Qxf6 11. O-O Bd6 12. Nxe6 Qxe6 13. Re1 Nde5 14.
dxe5 Bc5 15. Nc3 O-O 16. Rf1 Nxe5 17. Nxd5 Bd7 18. Nf4 Qh6 19. Qc2 Rac8 20. Qb3+ Kh8 21. Ng6+ hxg6 22. Bxh6 gxh6 23. Rac1 Bxf2+ 24. Kh1 Bc6 25. Bb5 Ng4 26. Bxc6 bxc6 27. h3 Ne3 28. Rxf2 1-0

[Event "*** Titled Tuesday Blitz"]
[Site "Chess.com"]
[Date "2021.03.16"]
[Round "8"]
[White "The_filthy"]
[Black "AttilaTurzo"]
[Result "0-1"]
[WhiteElo "2303"]
[BlackElo "2533"]
[TimeControl "180+1"]
[EndTime "11:27:33 PDT"]
[Termination "AttilaTurzo won by resignation"]

1. e4 c5 2. Nf3 Nc6 3. d4 cxd4 4. Nxd4 Nf6 5. Nc3 d6 6. Bg5 e6 7. f4 h6 8. Bh4 Be7 9. Bf2 a6 10. Qd2 Ng4 11. Bg1 g5 12. h3 Nf6 13. g3 gxf4 14.
gxf4 Nh5 15. O-O-O Nxf4 16. Kb1 Ng6 17. Nxc6 bxc6 18.
e5 Nxe5 19. Ne4 d5 20. Bd4 dxe4 21. Bxe5 Qxd2 22. Rxd2 f6 23. Bc3 Rg8 24. Bc4 f5 25. Rhd1 Ra7 26. Be5 Rd7 27. Rxd7 Bxd7 28. Bxa6 Rg2 29.
Bc4 c5 30. b3 e3 31. a4 Bh4 32.
Bc3 e2 33. Rc1 f4 34. Be1 Bxe1 35. Rxe1 f3 36. Kb2 f2 0-1

[Event "*** Titled Tuesday Blitz"]
[Site "Chess.com"]
[Date "2021.03.16"]
[Round "8"]
[White "Vandros57"]
[Black "rachidhuilda"]
[Result "1/2-1/2"]
[WhiteElo "2203"]
[BlackElo "2280"]
[TimeControl "180+1"]
[EndTime "11:27:34 PDT"]
[Termination "Game drawn by repetition"]

1. d4 Nf6 2. Nf3 d5 3. c4 c6 4. e3 Bf5 5. Bd3 Bxd3 6. Qxd3 e6 7. O-O Be7 8. Nc3 Nbd7 9. e4 dxe4 10. Nxe4 O-O 11.
Bf4 Nxe4 12. Qxe4 Re8 13. h3 Qb6 14. b3 Bf6 15. Rad1 Rad8 16. Rfe1 h6 17. g4 Nf8 18. Be5 Bxe5 19. dxe5 Rxd1 20. Rxd1 Rd8 21. Rxd8 Qxd8 22. Qe3 b6 23. Qd4 Qxd4 24. Nxd4 c5 25. Nc6 Nd7 26.
Nxa7 Nxe5 27. Nc8 Nd7 28. Kg2 Kf8 29. Kf3 Ke8 30. Ke3 Kd8 31. Nd6 Ke7 32. Ne4 f6 33. f4 g5 34. a3 gxf4+ 35. Kxf4 Ne5 36. h4 Nd3+ 37. Ke3 Ne5 38. Kf4 Nd3+ 39. Ke3 Ne5 40. Kf4 1/2-1/2

[Event "*** Titled Tuesday Blitz"]
[Site "Chess.com"]
[Date "2021.03.16"]
[Round "8"]
[White "Matols"]
[Black "profofchess"]
[Result "0-1"]
[WhiteElo "2294"]
[BlackElo "2437"]
[TimeControl "180+1"]
[EndTime "11:27:40 PDT"]
[Termination "profofchess won by resignation"]

1. d4 Nf6 2. c4 e6 3. g3 c5 4. d5 exd5 5. cxd5 d6 6. Nc3 g6 7. Bg2 Bg7 8. Nf3 a6 9. a4 O-O 10. O-O Re8 11. Nd2 Nbd7 12. h3 Rb8 13. Nc4 Ne5 14.
Na3 Nh5 15. e4 Bd7 16. f4 b5 17. axb5 axb5 18. fxe5 Bxe5 19. Bf4 Nxf4 20. gxf4 Bd4+ 21.
Kh2 b4 22. Nc4 bxc3 23. Nxd6 cxb2 24. Rb1 Rf8 25. e5 Bf5 26. Nxf5 gxf5 27. Qh5 Kh8 28.
Qxf5 Rg8 29. Qxf7 Qh4 30. Rf3 Rbf8 31. Qe6 Rxf4 32. Rbf1 b1=Q 33. Rxb1 Rxf3 34. Qxg8+ Kxg8 35. Bxf3 Bxe5+ 36. Kg2 Qg3+ 37. Kf1 Qxf3+ 0-1

[Event "*** Titled Tuesday Blitz"]
[Site "Chess.com"]
[Date "2021.03.16"]
[Round "8"]
[White "CrazyMartian"]
[Black "Forantes"]
[Result "1-0"]
[WhiteElo "2269"]
[BlackElo "2410"]
[TimeControl "180+1"]
[EndTime "11:27:42 PDT"]
[Termination "CrazyMartian won on time"]

1. d4 Nf6 2. c4 g6 3. Nc3 d5 4. cxd5 Nxd5 5. e4 Nxc3 6. bxc3 Bg7 7. Be3 c5 8. Rc1 O-O 9. Nf3 Qa5 10. Qd2 Rd8 11. Be2 Nc6 12. d5 e6 13. Bg5 f6 14.
Be3 exd5 15. exd5 c4 16. Bxc4 Be6 17. O-O Bxd5 18. Bxd5+ Rxd5 19. Qc2 Rad8 20. Qb3 Qb5 21. c4 Qxb3 22. axb3 Rd3 23. Rb1 a5 24. Rfc1 f5 25.
Ne1 R3d6 26. Nf3 Nb4 27. Kf1 R8d7 28. Ke2 h6 29. h4 Kf7 30. Rd1 Re6 31. Rxd7+ 1-0

[Event "*** Titled Tuesday Blitz"]
[Site "Chess.com"]
[Date "2021.03.16"]
[Round "8"]
[White "ChessLover0108"]
[Black "Rodalquilar"]
[Result "1/2-1/2"]
[WhiteElo "2773"]
[BlackElo "2687"]
[TimeControl "180+1"]
[EndTime "11:27:43 PDT"]
[Termination "Game drawn by repetition"]

1. Nf3 d5 2. d4 Nf6 3. c4 e6 4. Nc3 a6 5. cxd5 exd5 6. Bg5 Be6 7. Qb3 Ra7 8. e3 Nbd7 9. Rd1 Bd6 10. Bd3 c6 11.
O-O h6 12. Bf4 Qc7 13. Rfe1 Bxf4 14. exf4 Qxf4 15. Qa3 Kd8 16. Rc1 Re8 17. Qa5+ Qc7 18. Qa3 Qb8 19. Ne5 Nxe5 20. dxe5 Nd7 21. f4 f5 22.
exf6 Qxf4 23. fxg7 Qd4+ 24. Kh1 Qxg7 25. Qa5+ b6 26.
Qa4 Nc5 27. Qxc6 Nxd3 28. Nxd5 Nf2+ 29. Kg1 Nh3+ 30. Kh1 Nf2+ 31. Kg1 Nh3+ 32. Kh1 Nf2+ 1/2-1/2

[Event "*** Titled Tuesday Blitz"]
[Site "Chess.com"]
[Date "2021.03.16"]
[Round "8"]
[White "Mrlammy"]
[Black "cukin84"]
[Result "1-0"]
[WhiteElo "2318"]
[BlackElo "2118"]
[TimeControl "180+1"]
[EndTime "11:27:44 PDT"]
[Termination "Mrlammy won by checkmate"]

1. e4 c6 2. d4 d5 3. e5 c5 4. dxc5 e6 5. a3 Bxc5 6. Qg4 Bf8 7. Bd3 Nc6 8. Nf3 Qc7 9. Qg3 Nge7 10. O-O Ng6 11. Re1 Be7 12. h4 Bc5 13. h5 Nge7 14.
Qxg7 Rg8 15. Qxh7 Bd7 16. Nc3 O-O-O 17. Nb5 Qb8 18. Bg5 a6 19. Nc3 Qa7 20. Re2 Rh8 21.
Qxf7 Rdf8 22. Qg7 Rhg8 23. Qh6 Rxf3 24. gxf3 Nd4 25. Bg6 Nxe2+ 26. Nxe2 Bxf2+ 27. Kf1 Nf5 28. Bxf5 exf5 29. e6 Bb5 30. e7 Rxg5 31. Qf8+ Kc7 32. Qd8+ Kc6 33. e8=Q+ Kc5 34. Qee7+ Kc4 35. Qxg5 Bc6 36.
Qf4+ Kb5 37. a4+ Kc5 38. Kxf2 b5 39. Qd4# 1-0

[Event "*** Titled Tuesday Blitz"]
[Site "Chess.com"]
[Date "2021.03.16"]
[Round "8"]
[White "Fandorine"]
[Black "JimmmyZhang"]
[Result "0-1"]
[WhiteElo "2872"]
[BlackElo "2570"]
[TimeControl "180+1"]
[EndTime "11:27:47 PDT"]
[Termination "JimmmyZhang won by resignation"]

1. e4 c5 2. Nc3 Nc6 3. Bb5 Nd4 4. Nf3 Nxb5 5. Nxb5 a6 6. Nc3 e6 7. O-O b5 8. d4 cxd4 9. Qxd4 Bb7 10. Bg5 Ne7 11. Rad1 f6 12. Bc1 Nc6 13. Qd3 Be7 14. a3 Qc7 15. Rfe1 b4 16. Nd5 exd5 17. exd5 Ne5 18. Nxe5 fxe5 19. d6 Qc6 20. Qg3 Bf6 21. Rxe5+ Bxe5 22. Qxe5+ Kd8 23. f3 Kc8 24. Be3 Kb8 25. axb4 Qxc2 26.
Rc1 Qg6 27. Kf2 Re8 28. Qd4 Rc8 29. Rxc8+ Kxc8 30. Bf4 Bc6 31. Qb6 Qc2+ 32. Kg3 Bb5 33. Qd4 Kb7 34. Be3 Qc6 35. Bf4 g6 36. h4 Qc4 37.
Qe5 Rf8 38. Be3 Rf5 39. Qh8 Qe6 40. Qd4 Qe5+ 0-1

[Event "*** Titled Tuesday Blitz"]
[Site "Chess.com"]
[Date "2021.03.16"]
[Round "8"]
[White "NoGuru"]
[Black "gxbg2000"]
[Result "1-0"]
[WhiteElo "2291"]
[BlackElo "1980"]
[TimeControl "180+1"]
[EndTime "11:27:47 PDT"]
[Termination "NoGuru won by resignation"]

1. Nf3 Nf6 2. c4 g6 3. Nc3 Bg7 4. e4 d6 5. d4 Nbd7 6. Be2 O-O 7. O-O e5 8. Be3 b6 9. Rc1 exd4 10. Nxd4 Bb7 11.
f3 Nc5 12. Nd5 Bxd5 13. cxd5 Qd7 14. Bb5 Qc8 15. b4 Nb7 16. Qc2 a6 17. Bc6 Ra7 18.
a4 Nd8 19. a5 b5 20. Nxb5 Nxc6 21. Qxc6 Rb7 22. Nxc7 Rxb4 23. Qxd6 Rb3 24. Bg5 Ne8 25. Nxe8 Qxe8 26. Be7 Bd4+ 27. Kh1 Bg7 28. Rc6 Rb2 29. Rfc1 Qb8 30. Bxf8 Bxf8 31. Qxb8 Rxb8 32. Rxa6 Kg7 33. g3 Rb2 34. Ra1 h5 35. Ra8 h4 36. a6 hxg3 37.
Rxf8 Kxf8 38. a7 Rxh2+ 39. Kg1 Kg7 40. a8=Q Rf2 41. Qb8 Rxf3 42. Qe5+ Kh7 43. Kg2 Rf2+ 44. Kxg3 Rc2 45. Rh1+ 1-0

[Event "*** Titled Tuesday Blitz"]
[Site "Chess.com"]
[Date "2021.03.16"]
[Round "8"]
[White "CraiggoryC"]
[Black "JiiHart"]
[Result "1-0"]
[WhiteElo "2294"]
[BlackElo "2075"]
[TimeControl "180+1"]
[EndTime "11:27:48 PDT"]
[Termination "CraiggoryC won by checkmate"]

1. e4 c5 2. Nf3 Nc6 3. d4 cxd4 4. Nxd4 Nf6 5. Nc3 d6 6. Bc4 e6 7. Be3 a6 8. Qe2 Qc7 9. Bb3 Bd7 10. O-O-O b5 11. Nxc6 Bxc6 12. f3 Be7 13. Qf2 Rb8 14. g4 a5 15. a4 bxa4 16. Bxa4 O-O 17. Bxc6 Qxc6 18. g5 Nd7 19. h4 a4 20. Ne2 e5 21. Nc3 a3 22. Nd5 axb2+ 23. Kd2 Bd8 24. h5 Ba5+ 25. c3 Qb5 26. g6 fxg6 27. hxg6 h6 28. Bxh6 Bxc3+ 29. Nxc3 Qc5 30. Be3 Qxc3+ 31. Kxc3 Rfc8+ 32. Kd2 Nb6 33. Rh8+ Kxh8 34. Qh2+ Kg8 35. Qh7+ Kf8 36. Qh8+ Ke7 37. Qxg7+ Kd8 38. Bg5+ Ke8 39. Qf7# 1-0

[Event "*** Titled Tuesday Blitz"]
[Site "Chess.com"]
[Date "2021.03.16"]
[Round "8"]
[White "DonBroca"]
[Black "DonPreuss"]
[Result "1-0"]
[WhiteElo "2214"]
[BlackElo "2279"]
[TimeControl "180+1"]
[EndTime "11:27:49 PDT"]
[Termination "DonBroca won on time"]

1. e4 e5 2. Nf3 d5 3. Nxe5 Bd6 4. d4 dxe4 5. Nc4 Ne7 6. Nxd6+ cxd6 7. Bg5 f6 8. Bh4 Ng6 9. Bg3 f5 10. h4 f4 11. h5 fxg3 12. hxg6 gxf2+ 13. Kxf2 O-O+ 14. Kg1 h6 15. Qd2 Qf6 16. Bc4+ Be6 17. Bxe6+ Qxe6 18. Qe3 Qxg6 19. Nc3 Nc6 20. Qxe4 Qxe4 21. Nxe4 Nxd4 22.
Nxd6 Rf6 23. Ne4 Ne2+ 24. Kh2 Rf4 25. g3 Rxe4 26. Rhe1 Rae8 27. Rad1 Re3 28. Rd2 Nxg3 29. Rxe3 Rxe3 30. Rd7 Kh7 31. Rxb7 Nf5 32. c3 h5 33.
a4 a5 34. Rb5 g6 35. Rxa5 h4 36. Rb5 Kh6 37. a5 Kh5 38. a6 Kg4 39. a7 Re2+ 40. Kg1 Kg3 41. Kf1 Re8 42. Rb8 1-0

[Event "*** Titled Tuesday Blitz"]
[Site "Chess.com"]
[Date "2021.03.16"]
[Round "8"]
[White "novocane"]
[Black "NishaOnYoutube"]
[Result "0-1"]
[WhiteElo "2230"]
[BlackElo "2173"]
[TimeControl "180+1"]
[EndTime "11:27:49 PDT"]
[Termination "NishaOnYoutube won by resignation"]

1. d4 f5 2. Bg5 d5 3. e3 c6 4. Nd2 Nd7 5. Bd3 Ndf6 6. Ngf3 Ne4 7. Bxe4 fxe4 8. Ne5 Nf6 9. Bxf6 exf6 10. Qh5+ g6 11.
Nxg6 hxg6 12. Qxh8 Be6 13. Qh4 Qe7 14. O-O-O O-O-O 15. Kb1 g5 16. Qg3 Qd7 17. f4 Bd6 18. Qf2 gxf4 19.
exf4 Rg8 20. g3 Bg4 21. Rc1 Qe7 22. Qe3 Bb4 23. c3 Ba5 24. h3 Bd7 25. g4 Bc7 26.
f5 Rh8 27. c4 Kb8 28. cxd5 cxd5 29. Rc5 Bc6 30. Rhc1 Bb6 31. R5c3 Qb4 32. a3 Qxd4 33.
Nb3 Qxe3 0-1

[Event "*** Titled Tuesday Blitz"]
[Site "Chess.com"]
[Date "2021.03.16"]
[Round "8"]
[White "Volodar_Murzin"]
[Black "ckgchess"]
[Result "1-0"]
[WhiteElo "2690"]
[BlackElo "2755"]
[TimeControl "180+1"]
[EndTime "11:27:52 PDT"]
[Termination "Volodar_Murzin won by checkmate"]

1. e4 c5 2. Nf3 d6 3. Bb5+ Nd7 4.
O-O a6 5. Bd3 Ngf6 6. c3 g5 7. Bc2 g4 8. Ne1 b5 9. d4 Bb7 10. Nd2 h5 11. a4 h4 12. Qe2 cxd4 13.
cxd4 e6 14. Nd3 Qb6 15. d5 g3 16. Nf3 gxh2+ 17. Kh1 h3 18. g3 exd5 19. exd5+ Kd8 20. a5 Qc7 21. Nb4 Nxd5 22. Nxd5 Bxd5 23. Be4 Qb7 24.
Bxd5 Qxd5 25. Rd1 Qb7 26. Kxh2 Rh5 27. Bf4 Rf5 28. Rac1 Rc8 29. Re1 Rxc1 30. Qe8+ Kc7 31.
Rxc1+ Rc5 32. Rxc5+ Nxc5 33. Qxf8 Qxf3 34. Qxd6+ Kb7 35.
Qc7+ Ka8 36. Qb8# 1-0

[Event "*** Titled Tuesday Blitz"]
[Site "Chess.com"]
[Date "2021.03.16"]
[Round "8"]
[White "zajka-molotok"]
[Black "Matthew-Fishbein"]
[Result "1-0"]
[WhiteElo "2533"]
[BlackElo "2316"]
[TimeControl "180+1"]
[EndTime "11:27:53 PDT"]
[Termination "zajka-molotok won by resignation"]

1. b4 Nf6 2. Bb2 e6 3. b5 d5 4. e3 Be7 5. Nf3 O-O 6. c4 c5 7. Be2 a6 8. a4 axb5 9. axb5 Rxa1 10. Bxa1 b6 11. O-O Bb7 12. d4 Nbd7 13. Nc3 Qc7 14. cxd5 exd5 15. Ne5 Nxe5 16. dxe5 Qxe5 17. Bf3 Qe6 18.
Ne2 Ne4 19. Nf4 Qf5 20. Nh5 f6 21. Nf4 Rd8 22. Bg4 Qg5 23. Ne6 Qg6 24. Nxd8 Bxd8 25. Be6+ Kf8 26. Bxd5 Bxd5 27. Qxd5 Bc7 28. Qa8+ Ke7 29.
Qb7 Kd7 30. Rd1+ Nd6 31. Qc6+ Kd8 32. Rxd6+ Bxd6 33. Qxd6+ Ke8 34. Qd1 c4 35. Bd4 Qf5 36.
Bxb6 Qxb5 37. Bd4 Qb4 38. Qc1 Qb3 39. h3 h5 40. Qc3 Qb1+ 41. Kh2 Qb8+ 42. f4 Qc8 43. e4 h4 44. e5 Qf5 45. Qxc4 Qxf4+ 46. Kh1 Ke7 47. Bc5+ 1-0

[Event "*** Titled Tuesday Blitz"]
[Site "Chess.com"]
[Date "2021.03.16"]
[Round "8"]
[White "827883"]
[Black "ErikRonka"]
[Result "1/2-1/2"]
[WhiteElo "2293"]
[BlackElo "2429"]
[TimeControl "180+1"]
[EndTime "11:27:53 PDT"]
[Termination "Game drawn by repetition"]

1. e4 Nf6 2. e5 Nd5 3. Nc3 Nxc3 4. bxc3 d6 5. f4 Bf5 6. Nf3 e6 7. d4 Be7 8. Bd3 Bxd3 9. Qxd3 O-O 10. O-O c5 11.
Rb1 b6 12. Kh1 Nc6 13. Be3 Rc8 14. Rfd1 cxd4 15. cxd4 d5 16. c3 Na5 17. f5 Qd7 18.
Bg5 Bxg5 19. Nxg5 exf5 20. Rf1 h6 21. Nh3 Rc6 22. Rxf5 Rxc3 23. Qxc3 Qxf5 24. Re1 Rc8 25. Qg3 Rc4 26. Qe3 Nc6 27. Rd1 Qc2 28. Rf1 Rxd4 29. e6 fxe6 30. Qxe6+ Kh7 31. Qe8 Rd1 32. Ng5+ hxg5 33.
Qh5+ Kg8 34. Qe8+ Kh7 35. Qh5+ Kg8 36. Qe8+ Kh7 1/2-1/2

[Event "*** Titled Tuesday Blitz"]
[Site "Chess.com"]
[Date "2021.03.16"]
[Round "8"]
[White "QuintilianoR"]
[Black "bazar-wokzal"]
[Result "0-1"]
[WhiteElo "2719"]
[BlackElo "2519"]
[TimeControl "180+1"]
[EndTime "11:27:54 PDT"]
[Termination "bazar-wokzal won by resignation"]

1. d4 Nf6 2. c4 Nc6 3. Nf3 e6 4. a3 g6 5. d5 Ne7 6. Nc3 Bg7 7. e4 d6 8. Be2 O-O 9. O-O c6 10.
h3 cxd5 11. cxd5 exd5 12. exd5 Nf5 13. Re1 Re8 14. Bd3 Bd7 15. Bf4 Rxe1+ 16. Qxe1 Qb6 17. Qd2 Rc8 18. Rd1 Nh5 19. Bxf5 Bxf5 20. Be3 Bxc3 21. bxc3 Qb3 22. g4 Be4 23. Nd4 Qxd5 24. gxh5 Qxh5 25.
f3 Bxf3 26. Rf1 Be4 27. Kh2 Qc5 28. Qf2 f5 29. Bf4 Qxa3 30. Ne2 Qc5 31. Be3 Qc4 32.
Bd4 Re8 33. Ng3 b5 34. Re1 b4 35. cxb4 Qxb4 36. Ra1 a5 37. Qe3 Rc8 38. Re1 Rc2+ 39.
Ne2 Qxe1 0-1

[Event "*** Titled Tuesday Blitz"]
[Site "Chess.com"]
[Date "2021.03.16"]
[Round "8"]
[White "dosto07"]
[Black "LamaChampetre"]
[Result "1-0"]
[WhiteElo "2353"]
[BlackElo "2223"]
[TimeControl "180+1"]
[EndTime "11:27:55 PDT"]
[Termination "dosto07 won on time"]

1. e4 c5 2. Nf3 g6 3. c3 d5 4. exd5 Qxd5 5. d4 Bg7 6. Be3 cxd4 7. Bxd4 Nf6 8. Nbd2 Nc6 9. Bc4 Qd8 10. Bxf6 Bxf6 11. Ne4 Qxd1+ 12. Rxd1 Bg7 13. O-O O-O 14. h3 a6 15.
Rfe1 b5 16. Bd5 Bd7 17. Nc5 Be8 18. Bxc6 Bxc6 19. Rxe7 Bxf3 20. gxf3 Rfc8 21. Nb7 Re8 22. Rdd7 Rxe7 23. Rxe7 Rc8 24. Nd6 Rd8 25. Nxf7 Rd1+ 26. Kg2 Kf8 27. Rb7 Rd2 28. Ng5 Rxb2 29. Ne6+ Ke8 30.
Nxg7+ Kd8 31. Ne6+ Kc8 32. Rxh7 Rxa2 33. Ra7 Ra3 34. Nc5 a5 35. Rb7 Rxc3 36. Rxb5 Rc4 37.
Kg3 a4 38. Ra5 a3 39. Ne4 1-0

[Event "*** Titled Tuesday Blitz"]
[Site "Chess.com"]
[Date "2021.03.16"]
[Round "8"]
[White "organdzievhren"]
[Black "IngOscarArdila"]
[Result "1-0"]
[WhiteElo "2429"]
[BlackElo "2279"]
[TimeControl "180+1"]
[EndTime "11:27:58 PDT"]
[Termination "organdzievhren won on time"]

1. e4 e5 2. Nf3 Nc6 3. Bb5 a6 4. Bxc6 dxc6 5. d3 Bd6 6. h3 h6 7. Nbd2 Qf6 8. Nc4 Ne7 9. Be3 b5 10. Nxd6+ cxd6 11. d4 Be6 12. Qd2 O-O 13. O-O-O a5 14.
Kb1 a4 15. a3 Rfb8 16. Qb4 c5 17. dxc5 dxc5 18. Bxc5 Nc6 19. Qc3 b4 20. axb4 a3 21.
b3 Qf4 22. Rhe1 a2+ 23. Ka1 Nd4 24. Nxd4 exd4 25. Qxd4 Qg5 26. Qc3 Rc8 27. g3 Bxh3 28. f4 Qg6 29. f5 Qg5 30. Rd6 Bg4 31. f6 g6 32. Rd5 Bf5 33. exf5 gxf5 34. Rf1 Kh7 35.
Rdxf5 Qg4 36. Qd3 Kh8 37. Rh1 h5 38. Rfxh5+ 1-0

[Event "*** Titled Tuesday Blitz"]
[Site "Chess.com"]
[Date "2021.03.16"]
[Round "8"]
[White "MuhittinBuker"]
[Black "Playgood28"]
[Result "1/2-1/2"]
[WhiteElo "2186"]
[BlackElo "2270"]
[TimeControl "180+1"]
[EndTime "11:27:58 PDT"]
[Termination "Game drawn by repetition"]

1. d4 f5 2. c4 Nf6 3. Nc3 g6 4. Nf3 d6 5. g3 Bg7 6. Bg2 O-O 7. O-O c6 8. d5 e5 9. dxe6 Bxe6 10. Bf4 Bxc4 11. Bxd6 Re8 12. Re1 Na6 13. Bf4 Nd5 14. Nxd5 Bxd5 15. Ng5 Bxg2 16. Kxg2 Qxd1 17. Raxd1 h6 18.
Nf3 Rad8 19. Kf1 Nb4 20. Rxd8 Rxd8 21. a3 Nd5 22. Bc1 Nb6 23. e3 Na4 24. Nd4 Kf7 25. Ke2 Bxd4 26. exd4 Re8+ 27. Be3 Nb6 28. Kd3 h5 29.
Rc1 Nd5 30. Bd2 a6 31. h4 f4 32. Bxf4 Nxf4+ 33. gxf4 Kf6 34. Rg1 Re7 35. Rg5 Re1 36.
f5 gxf5 37. f4 Rd1+ 38. Ke3 Re1+ 39. Kd3 Rd1+ 40. Kc3 Rc1+ 41. Kd2 Rf1 42. Ke3 Re1+ 43. Kd3 1/2-1/2